 Dungeon Crawl Stone Soup version 0.18.1-48-g4cf74bf (webtiles) character file.

182 Ponchio the Skirmisher (level 5, -2/35 HPs)
             Began as a Gargoyle Fighter on Sept 11, 2016.
             Slain by dawcakrwi's ghost (5 damage)
             ... on level 3 of the Dungeon.
             The game lasted 00:10:00 (1816 turns).

Ponchio the Skirmisher (Gargoyle Fighter)           Turns: 1816, Time: 00:10:01

Health: -2/35      AC: 10    Str: 20    XL:     5   Next: 61%
Magic:  5/5        EV:  7    Int:  8    God:
Gold:   84         SH:  9    Dex: 10    Spells: 0 memorised, 4 levels left

rFire  . . .     SeeInvis +     a - +0 flail
rCold  . . .     Gourm    .     b - +0 scale mail
rNeg   + . .     Faith    .     v - +0 shield
rPois  ∞         Spirit   .     (no helmet)
rElec  +         Dismiss  .     (no cloak)
rCorr  .         Reflect  .     (no gloves)
SustAt +         Harm     .     (no boots)
MR     .....                    (no amulet)
Stlth  ..........               i - ring of see invisible
                                e - ring of sustain attributes

@: glowing, not resistant to hostile enchantments, extremely unstealthy
A: negative energy resistance 1, electricity resistance, unbreathing,
petrification resistance, rot immunity, AC +4
a: no special abilities


You were on level 3 of the Dungeon.
You were hungry.

You visited 1 branch of the dungeon, and saw 3 of its levels.

You collected 84 gold pieces.

Inventory:

Hand Weapons
 a - a +0 flail (weapon)
Armour
 b - a +0 scale mail (worn)
 v - a +0 shield (worn)
Jewellery
 e - a ring of sustain attributes (left hand)
 i - a ring of see invisible (right hand)
Scrolls
 j - a scroll of remove curse
 n - 2 scrolls of blinking {unknown}
 o - a scroll of immolation {unknown}
 u - a scroll of noise {unknown}
Potions
 c - a potion of mutation {unknown}
 d - a potion of might
 h - 3 potions of resistance
 k - a potion of flight {unknown}
 l - a potion of heal wounds {unknown}
 p - a potion of brilliance {unknown}
 r - 2 potions of degeneration {unknown}
 s - a potion of cure mutation {unknown}
 w - a potion of lignification {unknown}
Comestibles
 f - 3 bread rations
 m - 2 beef jerkies
 q - a meat ration
 t - a slice of pizza


   Skills:
 + Level 5.3 Fighting
 + Level 4.1 Maces & Flails
 - Level 3.2 Armour
 - Level 3.2 Shields


You had 4 spell levels left.
You didn't know any spells.

Dungeon Overview and Level Annotations

Branches:
Dungeon (3/15)

Altars:

Annotations:
D:3 dawcakrwi's ghost, amateur FeEn


Innate Abilities, Weirdness & Mutations

You are resistant to torment.
Your stone body is resilient (AC +4).
You are immune to poison.
You resist negative energy.
You are resistant to electric shocks.
You can survive without breathing.
You are immune to petrification.
You are immune to rotting.


Message History

Drink which item? (? for menu, Esc to quit)
You feel better.
Dawcakrwi's ghost hits you but does no damage.
You block dawcakrwi's ghost's attack.
Dawcakrwi's ghost shouts, "You will never get the ORB!"
Dawcakrwi's ghost hits you. You block dawcakrwi's ghost's attack.
Items here: ( )) † a dagger; a hunting sling; 25 stones; a goblin corpse The orc priest looks braver for a moment.
You are no longer glowing.
Dawcakrwi's ghost stares at you and mumbles some strange words.
You are outlined in light.
Dawcakrwi's ghost barely misses you.
The orc priest mumbles some strange prayers to Beogh against you.
Beogh smites you!
* * * LOW HITPOINT WARNING * * *
Dawcakrwi's ghost says, "Death is your only future!"
Dawcakrwi's ghost hits you.
You die...

.##.).o.#
.#
.o..###.##
#.# ###.#
##o## ##.#
....#
##o###.####
#####
##.......#
.#
#######.#
.# #.# .#
#W# .##.
#@# .....
#.# ###..
####.####
#.......#
#.##.##.#
#.##.##.#
#.#..##.#
#.#.###.#
#.......#


You could see dawcakrwi's ghost.

Vanquished Creatures
  Natasha (twice) (D:2)
  7 adders
  2 worms
  A dart slug (D:1)
  A giant gecko (D:2)
  2 orcs (D:3)
  7 giant cockroaches
  8 goblins
  5 hobgoblins
  4 jackals (D:2)
  2 ball pythons (D:1)
  3 bats (D:1)
  4 giant newts
  8 kobolds
  5 rats
61 creatures vanquished.

Notes
Turn   | Place    | Note
--------------------------------------------------------------
     0 | D:1      | Ponchio the Gargoyle Fighter began the quest for the Orb.
     0 | D:1      | Reached XP level 1. HP: 14/14 MP: 1/1
   213 | D:1      | Reached XP level 2. HP: 19/19 MP: 2/2
   490 | D:1      | Reached skill level 4 in Fighting
   676 | D:1      | Reached XP level 3. HP: 23/24 MP: 3/3
   921 | D:2      | Noticed Natasha
   935 | D:2      | Killed Natasha
   979 | D:2      | Reached XP level 4. HP: 30/30 MP: 4/4
  1253 | D:2      | Reached skill level 5 in Fighting
  1253 | D:2      | Reached XP level 5. HP: 32/35 MP: 5/5
  1431 | D:2      | Noticed Natasha
  1440 | D:2      | Killed Natasha
  1763 | D:3      | Noticed dawcakrwi's ghost (amateur FeEn)
  1816 | D:3      | Slain by dawcakrwi's ghost

Skill      XL: |  1  2  3  4  5 |
---------------+----------------+-----
Fighting       | 4 5 |  5.3
Maces & Flails | 3 4 |  4.1
Armour         | |  3.2
Shields        | |  3.2

Action                   |  1- 3 |  4- 6 || total
-------------------------+-------+-------++-------
Melee: Flail             |   125 |   173 ||   298
  Use: Scroll            |       |     3 ||     3
       Potion            |       |     2 ||     2
  Eat: Chunk             |       |     3 ||     3
Armor: Scale mail        |    64 |    99 ||   163
Dodge: Dodged            |    51 |    38 ||    89
Block: Shield            |    78 |    80 ||   158
